 Dungeon Crawl Stone Soup version 0.20.1-1-g8b1a95d (webtiles) character file.

209 CountDeLaPain the Magician (level 5, 0/24 HPs)
             Began as a Spriggan Venom Mage on Sept 26, 2017.
             Slain by a centaur zombie (4 damage)
             ... in an ossuary.
             The game lasted 00:10:55 (4469 turns).

CountDeLaPain the Magician (Spriggan Venom Mage)    Turns: 4469, Time: 00:10:55

Health: 0/24       AC:  3    Str:  5    XL:     5   Next: 55%
Magic:  13/13      EV: 19    Int: 17    God:
Gold:   118        SH:  0    Dex: 16    Spells: 9/13 levels left

rFire    . . .     SeeInvis +   f - +0 dagger
rCold    . . .     Gourm    .   (shield restricted)
rNeg     . . .     Faith    .   m - +1 robe {MR+}
rPois    .         Spirit   .   (helmet restricted)
rElec    .         Reflect  .   (no cloak)
rCorr    .         Harm     .   (gloves unavailable)
MR       +....                  (boots unavailable)
Stlth    +++.......             (no amulet)
Regen    0.1/turn               (no ring)
MPRegen  0.2/turn               (no ring)

@: very quick
A: unfitting armour, see invisible, herbivore 3, speed 3, slow metabolism 2
a: no special abilities


You were in an ossuary.
You were very hungry.

You visited 1 branch of the dungeon, and saw 4 of its levels.
You also visited: Ossuary.

You collected 118 gold pieces.

Inventory:

Hand Weapons
 f - a +0 dagger (weapon)
Armour
 a - a +0 robe
 m - a +1 robe of magic resistance (worn)
 p - a +0 buckler
Scrolls
 d - 2 scrolls of recharging {unknown}
 e - a scroll of enchant weapon {unknown}
 g - 4 scrolls of blinking {unknown}
 h - 3 scrolls of teleportation
 l - a scroll of fear {unknown}
 o - a scroll of random uselessness {unknown}
 q - 3 scrolls of identify {unknown}
 s - a scroll of noise {unknown}
Potions
 i - a potion of mutation {unknown}
 j - a potion of cancellation {unknown}
 k - 2 potions of curing {unknown}
 n - a potion of agility {unknown}
 r - a potion of might {unknown}
Books
 b - a Young Poisoner's Handbook

   Spells                             Type                      Level
   a - Sting                          Conjuration/Poison           1
   b - Poisonous Vapours              Poison/Air                   2
   c - Mephitic Cloud                 Conjuration/Poison/Air       3
   d - Olgreb's Toxic Radiance        Poison                       4
   e - Venom Bolt                     Conjuration/Poison           5
Comestibles
 c - a bread ration


   Skills:
 + Level 0.1 Fighting
 + Level 4.0 Dodging
 + Level 3.6 Stealth
 + Level 4.7 Spellcasting
 + Level 1.5 Conjurations
 + Level 4.3 Poison Magic


You had 9 spell levels left.
You knew the following spells:

 Your Spells              Type           Power        Failure   Level  Hunger
a - Sting                 Conj/Pois      ##..         4%          1    None
b - Mephitic Cloud        Conj/Pois/Air  ##......     21%         3    ###....


Dungeon Overview and Level Annotations

Branches:
Dungeon (3/15)

Altars:
Okawaru


Innate Abilities, Weirdness & Mutations

You are very small and have problems with some larger weapons.
You are too small for most types of armour.
You have supernaturally acute eyesight. (SInv)
You are a herbivore.
You cover ground extremely quickly.
You need consume almost no food.


Message History

The hobgoblin zombie misses you.
A human zombie comes into view.
You hit the jackal zombie but do no damage.
The jackal zombie is heavily damaged.
The centaur zombie misses you. The jackal zombie closely misses you.
The adder zombie misses you. The adder zombie bites you.
* * * LOW HITPOINT WARNING * * *
The adder zombie misses you.
You hit the hobgoblin zombie but do no damage.
The jackal zombie barely misses you. The centaur zombie misses you.
The jackal zombie closely misses you.
You barely miss the hobgoblin zombie.
The centaur zombie completely misses you.
The hobgoblin zombie closely misses you.
The jackal zombie misses you.
You barely miss the hobgoblin zombie. The centaur zombie misses you.
The hobgoblin zombie hits you but does no damage.
The jackal zombie barely misses you. The centaur zombie hits you.
You die...

#...# #..... #...#
#...# #...... #Z..#
#...# #.∩.....#...#
#...# #.Z.# #...#
#...# #...# #M..#
#...##############Z..#
#................ZZ..#
#.........∩∩...Z@ZZ..#
######################


You could see a mummy, an adder zombie, a jackal zombie, 2 hobgoblin zombies, 2
orc zombies and a centaur zombie.

Vanquished Creatures
  7 gnolls (D:2)
  5 adders
  An ooze (D:3)
  3 worms
  2 leopard geckos
  An orc (D:3)
  5 bats
  3 giant cockroaches
  6 goblins
  10 hobgoblins
  4 jackals (D:2)
  9 kobolds
  2 quokkas (D:2)
  9 frilled lizards
  5 hobgoblin zombies (Ossuary)
  6 kobold zombies (Ossuary)
  4 orc zombies (Ossuary)
  5 rats
87 creatures vanquished.

Notes
Turn   | Place    | Note
-------+----------+-------------------------------------------
     0 | D:1      | CountDeLaPain the Spriggan Venom Mage began the quest for the Orb.
     0 | D:1      | Reached XP level 1. HP: 9/9 MP: 5/5
   519 | D:1      | Reached XP level 2. HP: 5/13 MP: 1/7
   744 | D:1      | Found an iron altar of Okawaru.
  1514 | D:2      | Reached XP level 3. HP: 16/16 MP: 6/9
  1519 | D:2      | Learned a level 3 spell: Mephitic Cloud
  1863 | D:2      | Reached skill level 1 in Conjurations
  2017 | D:2      | Reached XP level 4. HP: 21/21 MP: 6/11
  2841 | D:2      | Reached XP level 5. HP: 24/24 MP: 0/12
  4051 | D:3      | You fall through a shaft for 2 floors!
  4051 | D:5      | Entered Level 5 of the Dungeon
  4051 | D:5      | Noticed a centaur
  4058 | D:5      | Found a sand-covered staircase.
  4064 | Ossuary  | Entered an ossuary
  4469 | Ossuary  | Slain by a centaur zombie

Skill      XL: |  1  2  3  4  5 |
---------------+----------------+-----
Spellcasting   | 3 4 |  4.7
Conjurations   | 1 |  1.5
Poison Magic   | 4 |  4.3
Dodging        | 4 |  4.0
Fighting       | |  0.1
Stealth        | |  3.6

Action                   |  1- 3 |  4- 6 || total
-------------------------+-------+-------++-------
Melee: Dagger            |    17 |   179 ||   196
 Cast: Sting             |    76 |   102 ||   178
  Use: Scroll            |     1 |       ||     1
 Stab: Sleeping          |       |     2 ||     2
Armor: Robe              |     7 |    14 ||    21
Dodge: Dodged            |    24 |   176 ||   200
